 Dungeon Crawl Stone Soup version 0.30-a0-830-gfe289a77b0 (webtiles) character file.

Game seed: 11861268722663967271

334116 zenocrate the Crack Shot (level 22, -2/141 (145) HPs)
             Began as a Formicid Hunter on Feb 28, 2023.
             Was the Champion of Makhleb.
             Slain by a hellephant (29 damage)
             ... on level 4 of the Abyss.
             The game lasted 01:06:44 (38582 turns).

zenocrate the Crack Shot (Formicid Hunter)         Turns: 38582, Time: 01:06:44

HP:   -2/141 (145)  AC: 24    Str: 13 (14) XL:     22   Next: 81%
MP:   0/37          EV: 27    Int: 12 (15) God:    Makhleb [******]
Gold: 1978          SH: 21    Dex: 32      Spells: 15/27 levels left

rFire   + + .      SeeInvis +    a - +7 longbow (flame)
rCold   . . .      Faith    .    P - +0 kite shield {reflect}
rNeg    . . .      Spirit   .    n - +4 troll leather armour
rPois   +          Reflect  +    (helmet unavailable)
rElec   .          Harm     .    s - +2 cloak {rPois}
rCorr   .          Rampage  .    I - +1 pair of gloves of Disguise {Will- Regen+ Str+3}
Will    ++...                    h - +1 pair of boots of Focus {Will+ Dex+3}
Stlth   +++                      L - amulet of regeneration
HPRegen 0.00/turn                Q - ring "Roatomos" {*Slow rF++ AC+4 Str-5 Int+2}
MPRegen 0.25/turn                k - ring "Sullemean" {Str-2 Int+6 Dex+5}

@: sick, lightly drained
A: permanent stasis, dig shafts and tunnels, antennae 3, four strong arms, fangs
1, large bone plates 1, dopey 1, high MP 1, strong 1, noise suppression,
deterioration 1[+1], [frail 2], [weak 2], [subdued magic 2]
}: 2/15 runes: barnacled, gossamer
a: Dig, Shaft Self, Renounce Religion, Minor Destruction, Lesser Servant of
Makhleb, Major Destruction, Greater Servant of Makhleb


You were on level 4 of the Abyss.
You worshipped Makhleb.
Makhleb was exalted by your worship.
You visited 8 branches of the dungeon, and saw 35 of its levels.
You visited the Abyss 1 time.
You also visited: Gauntlet and Desolation.

You collected 4213 gold pieces.
You spent 2235 gold pieces at shops.

Inventory:

Hand Weapons
 a - a +7 longbow of flaming (weapon)
Missiles
 J - 2 throwing nets
Armour
 h - the +1 pair of boots of Focus (worn) {Will+ Dex+3}
   (You acquired it on level 2 of the Dungeon)

   Dex:       It affects your dexterity (+3).
   Will:      It increases your willpower.
 n - a +4 troll leather armour (worn)
 s - a +2 cloak of poison resistance (worn)
 I - the +1 pair of gloves of Disguise (worn) {Will- Regen+ Str+3}
   (You found it on level 1 of the Lair of Beasts)

   Str:       It affects your strength (+3).
   Regen:     It increases your rate of health regeneration.
   Will:      It decreases your willpower.
 P - a +0 kite shield of reflection (worn)
Jewellery
 k - the ring "Sullemean" (right hand) {Str-2 Int+6 Dex+5}
   (You found it in a Gauntlet)

   [ring of intelligence]

   Str:       It affects your strength (-2).
   Int:       It affects your intelligence (+6).
   Dex:       It affects your dexterity (+5).
 o - the ring "Doekloll" {rC+ rCorr MP+9 Str+3 Int-4}
   (You found it in the Desolation of Salt)

   [ring of protection from cold]

   Str:       It affects your strength (+3).
   Int:       It affects your intelligence (-4).
   rC:        It protects you from cold.
   MP:        It affects your magic capacity (+9).
   rCorr:     It protects you from acid and corrosion.
 y - a ring of flight
 L - an amulet of regeneration (around neck)
 Q - the ring "Roatomos" (left hand) {*Slow rF++ AC+4 Str-5 Int+2}
   (You acquired it on level 1 of the Elven Halls)

   [ring of protection]

   AC:        It affects your AC (+4).
   Str:       It affects your strength (-5).
   Int:       It affects your intelligence (+2).
   rF:        It greatly protects you from fire.
   *Slow:     It may slow you when you take damage.
 V - a ring of protection from cold
Wands
 b - a wand of roots (9)
 f - a wand of mindburst (20)
 m - a wand of acid (20)
 w - a wand of paralysis (18)
 F - a wand of flame (46)
Scrolls
 c - 12 scrolls of identify
 l - 3 scrolls of butterflies
 r - 7 scrolls of immolation
 z - 4 scrolls of fog
 A - 5 scrolls of poison
 B - 6 scrolls of fear
 D - 2 scrolls of silence
 M - 4 scrolls of vulnerability
 N - a scroll of magic mapping
Potions
 d - 4 potions of brilliance
 e - 3 potions of attraction
 i - 8 potions of ambrosia
 t - 3 potions of magic
 G - 2 potions of resistance
 H - 3 potions of cancellation
 K - 2 potions of might
 O - 12 potions of curing
 S - 2 potions of lignification
 T - a potion of heal wounds
 W - 5 potions of flight
Miscellaneous
 g - a lightning rod (4/4)


   Skills:
 + Level 17.2 Fighting
 + Level 21.3 Ranged Weapons
 + Level 17.0 Armour
 * Level 14.2 Dodging
 - Level 3.6 Stealth
 + Level 14.5 Shields
 - Level 3.1 Spellcasting
 - Level 4.3 Translocations
 + Level 17.0 Invocations
 - Level 6.2 Evocations


You had 15 spell levels left.
You knew the following spells:

 Your Spells              Type           Power      Damage    Failure   Level
a - Dispersal             Tloc           3%         N/A       100%        6
b - Passage of Golubria   Tloc           7%         N/A       50%         4
c - Wereblood             Tmut           1%         N/A       47%         2

Your spell library contained the following spells:

 Spells                   Type           Power      Damage    Failure   Level
 Apportation              Tloc           14%        N/A       4%          1
 Lesser Beckoning         Tloc           14%        N/A       8%          2
 Gell's Gravitas          Tloc           7%         N/A       16%         3
 Teleport Other           Tloc           7%         N/A       16%         3
 Beastly Appendage        Tmut           2%         N/A       32%         1
 Kiss of Death            Conj/Necr      4%         2d5       32%         1
 Necrotise                Necr           4%         1d4       32%         1
 Shock                    Conj/Air       4%         1d3       32%         1
 Portal Projectile        Hex/Tloc       8%         N/A       41%         3
 Vhi's Electric Charge    Tloc/Air       8%         N/A       41%         3
 Searing Ray              Conj           2%         2d4       47%         2
 Manifold Assault         Tloc           7%         N/A       50%         4
 Call Canine Familiar     Summ           1%         N/A       73%         3
 Confusing Touch          Hex            1%         N/A       73%         3
 Dazzling Flash           Conj/Hex       2%         N/A       73%         3
 Ozocubu's Armour         Ice            1%         N/A       73%         3
 Spider Form              Tmut/Pois      1%         N/A       73%         3
 Tukima's Dance           Hex            1%         N/A       73%         3
 Vampiric Draining        Necr           1%         2d6       73%         3
 Airstrike                Air            0%         2d(1-17)  98%         4
 Dispel Undead            Necr           1%         3d6       98%         4
 Ice Form                 Ice/Tmut       1%         N/A       98%         4
 Leda's Liquefaction      Hex/Erth       0%         N/A       98%         4
 Agony                    Necr           1%         N/A       100%        5
 Alistair's Intoxication  Tmut/Pois      0%         N/A       100%        5
 Blade Hands              Tmut           0%         N/A       100%        5
 Metabolic Englaciation   Hex/Ice        0%         N/A       100%        5
 Summon Mana Viper        Hex/Summ       1%         N/A       100%        5
 Yara's Violent Unravell  Hex/Tmut       0%         3d3       100%        5
 Ozocubu's Refrigeration  Ice            0%         4d7       100%        7
 Disjunction              Tloc           3%         N/A       100%        8
 Chain Lightning          Conj/Air       0%         2d1       100%        9
 Swiftness                Air            Unusable   N/A       N/A         3

Dungeon Overview and Level Annotations

Branches:
Dungeon (15/15)            Temple (1/1) D:5            Lair (5/5) D:10
 Shoals (4/4) Lair:2       Spider (4/4) Lair:2        Slime (0/5) Lair:5
    Orc (2/2) D:12            Elf (3/3) Orc:2        Vaults (1/5) D:14
 Depths (0/4) D:15        Desolation (visited)      Gauntlet (visited)

Altars:
Ashenzari
Cheibriados
Dithmenos
Elyvilon
Fedhas
Gozag
Hepliaklqana
Kikubaaqudgha
Makhleb
Nemelex Xobeh
Okawaru
Qazlal
Ru
Sif Muna
Trog
Uskayaw
Vehumet
Wu Jian
Xom
Yredelemnul
Zin
The Shining One
Jiyva

Shops:
D:1 (   D:2 [   Orc:2 =((?(   Elf:1 !   Elf:2 (=(==   Shoals:3 ![?*
Shoals:4 *

Annotations:
Lair:5 2 transporters, exclusion: 2 oklob plants, STHMFLV's ghost, journeyman DsEE
Spider:2 2 transporters, crusatyr's ghost, adept MiBe
Elf:2 1 runed translucent door


Innate Abilities, Weirdness & Mutations

You cannot be hasted, slowed, berserked, paralysed or teleported.
You can dig through walls and to a lower floor.
You have a pair of large antennae on your head. (SInv)
Your four strong arms can wield two-handed weapons with a shield.
You have very sharp teeth.
You are partially covered in large bone plates. (SH +4)
You are dopey. (Int -2)
You have an increased reservoir of magic. (+10% MP)
Your muscles are strong. (Str +4, Int/Dex -1)
You passively dampen the noise of your surroundings.
[Your body often deteriorates upon taking damage.]
[You are very frail. (-20% HP)]
[You are very weak. (Str -4)]
[Your spells are easier to cast, but less powerful.]


Message History

The hellephant is heavily wounded.
You block the purple draconian's attack.
Fire: a) +7 longbow (flame)
Press: ? - help, Q - select action, (/) - cycle Shift-Dir - straight line, f/p - hellephant
Aim: a hellephant (heavily wounded, 80% to hit)
You shoot an arrow. The arrow hits the hellephant.
The arrow burns the hellephant.
The hellephant is heavily wounded.
The ghost moth stares at you.
You feel your power leaking away. You block the ghost moth's attack. x3
The tentacled starspawn completely misses you. x2
You shoot an arrow. The arrow hits the tentacled starspawn!
The arrow burns the tentacled starspawn.
The tentacled starspawn is lightly damaged.
The purple draconian closely misses you.
The ghost moth stares at you. The ghost moth barely misses you.
The ghost moth hits you!
* * * LOW HITPOINT WARNING * * *
You feel dopey. The ghost moth closely misses you.
You feel ill.
The tentacled starspawn barely misses you.
You block the tentacled starspawn's attack.
You shoot an arrow.
The arrow hits the tentacled starspawn!!
The arrow burns the tentacled starspawn.
The tentacled starspawn is moderately damaged.
The ghost moth stares at you.
You feel your power leaking away. You block the ghost moth's attack. x2
The ghost moth stings you but does no damage.
You block the purple draconian's attack.
You shoot an arrow. The arrow hits the tentacled starspawn.
The arrow burns the tentacled starspawn.
The tentacled starspawn is moderately damaged.
The starcursed mass shrieks in your mind.
* * * LOW HITPOINT WARNING * * *
Tentacles burst from the starspawn's body!
The hellephant tramples you!!
You die...

. . ...... .
...###. ...
#.. .....#.
...... .
...........##.
. #.X.#.. .. {
.{#s)# .#.#
#..
.#w####...# .
..s #wX...#
..t# #.y@..# .
. #.tY..# . .
#....d.# .. {
#......x# #
#⌠....†)#.. .
##....†...†. .
.
##.....).....
.
#.........#..
. . . .. .


You could see a hellephant, a starcursed mass, a purple draconian, a tentacled
starspawn, a ghost moth (invisible), an ancient zyme, an apocalypse crab, an orb
spider (charged) and 2 starspawn tentacles.

Vanquished Creatures
  A bone dragon (Abyss:4)
  Nikola (Spider:3)
  A hellephant (Abyss:4)
  A tentacled monstrosity (Abyss:4)
  Jorgrun (Elf:1)
  A lich (Abyss:3)
  Polyphemus (Shoals:2)
  A sphinx (Vaults:1)
  Gastronok (Lair:1)
  5 tentacled starspawn
  Frances (Shoals:2)
  An Executioner (Abyss:4)
  A shadow dragon (Abyss:4)
  Ilsuiw (Shoals:2)
  2 vault wardens (Vaults:1)
  An imperial myrmidon (Desolation)
  An angel (Abyss:4)
  7 emperor scorpions
  A deep elf sorcerer (Elf:1)
  5 ghost moths
  A cacodemon (Abyss:3)
  A balrug (Abyss:4)
  Aizul (Shoals:1)
  A very ugly thing (Abyss:4)
  8 ironbound preservers
  2 deep elf elementalists
  A deep elf demonologist (Elf:2)
  An ophan (Abyss:3)
  A green draconian (Abyss:3)
  Nessos (Lair:3)
  3 spark wasps
  2 bunyips (Abyss:4)
  3 deep elf annihilators (Elf:3)
  A halazid warlock (Desolation)
  5 dire elephants (Vaults:1)
  A minotaur (Gauntlet)
  A merfolk javelineer (Shoals:3)
  2 crystal guardians (Desolation)
  7 ragged hierophants (Desolation)
  3 fire dragons
  6 merfolk impalers
  3 deep elf high priests
  7 servants of whispers
  A yaktaur captain (Vaults:1)
  4 entropy weavers
  A great orb of eyes (Vaults:1)
  2 rakshasas
  6 hydras
  5 vault guards (Vaults:1)
  A jorogumo (Spider:2)
  9 peacekeepers (Desolation)
  4 radroaches
  9 two-headed ogres
  An ogre mage (D:15)
  3 merfolk avatars
  2 alligator snapping turtles
  3 catoblepae
  25 dancing weapons
  2 boulder beetles
  3 centaur warriors
  3 merfolk aquamancers (Shoals:4)
  9 death yaks
  A hell hog (Abyss:4)
  3 satyrs
  A sun demon (Abyss:4)
  11 thrashing horrors
  3 orc high priests (Orc:2)
  Nergalle (D:11)
  17 deep elf knights
  2 skysharks (Shoals:1)
  A sixfirhy (Abyss:4)
  A spatial maelstrom (Abyss:4)
  11 wretched stars
  10 sea snakes
  2 sun moths
  5 pharaoh ants
  10 deep trolls (Vaults:1)
  8 orb spiders
  A wizard (D:14)
  68 starcursed masses
  6 ironbound convokers
  6 lindwurms
  9 steelbarb worms
  A bunyip skeleton (Abyss:3)
  10 deep elf archers
  27 harpies
  An oklob plant (Lair:5)
  37 deep elf pyromancers
  5 orc knights
  12 wolf spiders
  20 deep elf zephyrmancers
  6 worldbinders
  9 ugly things
  12 fauns
  5 orc sorcerers
  5 cyclopes
  6 demonic crawlers
  14 manticores
  A dire elephant zombie (Abyss:3)
  2 moths of wrath (Spider:2)
  16 elephants
  3 guardian serpents (Desolation)
  9 black mambas
  7 merfolk sirens
  Maurice (D:8)
  5 vault sentinels (Vaults:1)
  7 torpor snails
  15 cane toads
  An apocalypse crab (Abyss:4)
  4 molten gargoyles
  3 unseen horrors
  2 gargoyles (D:11)
  14 smoke demons
  8 water nymphs
  3 orange demons
  3 kobold demonologists (Abyss:4)
  Psyche (D:8)
  4 efreet
  3 yaktaurs
  An anaconda simulacrum (Abyss:4)
  4 rime drakes
  An ice devil (Abyss:4)
  A tormentor (Abyss:3)
  12 komodo dragons
  7 ancient zymes
  3 meliai (Spider:4)
  A meliai (shapeshifter) (Elf:1)
  A queen bee (shapeshifter) (D:14)
  A freezing wraith (Abyss:4)
  3 polar bears
  A troll (shapeshifter) (D:15)
  6 trolls
  58 saltlings
  3 hornets (Spider:4)
  21 merfolk
  3 blink frogs (Lair:3)
  22 tarantellas
  7 wind drakes
  23 raiju
  10 snapping turtles
  32 jumping spiders
  An air elemental (Elf:1)
  7 dream sheep
  14 slime creatures
  10 water elementals
  2 shadows
  3 wraiths
  A vampire (D:13)
  5 ynoxinuls (Abyss:4)
  9 wyverns
  A fire bat (Abyss:4)
  22 culicivoras
  39 yaks
  11 basilisks
  3 golden eyes (Abyss:4)
  2 fire elementals
  64 redbacks
  8 vampire mosquitoes
  5 steam dragons
  A chaos spawn (Abyss:3)
  4 neqoxecs (Abyss:4)
  4 spatial vortices
  2 wargs
  2 acid dragons
  23 large abominations
  15 water moccasins
  5 hell hounds (Lair:5)
  21 orc warriors
  A black bear (D:10)
  4 sky beasts
  10 ogres
  A boggart (Gauntlet)
  A tengu (shapeshifter) (D:9)
  7 centaurs
  A phantom (D:6)
  4 kobold brigands
  2 earth elementals (Elf:2)
  8 bullfrogs
  A gnoll sergeant (D:13)
  4 scorpions
  3 necrophages
  19 wights
  9 killer bees
  4 electric eels
  7 howler monkeys
  5 lava snakes (Lair:5)
  A quasit (Abyss:4)
  2 iron imps (Abyss:4)
  6 jellies
  A hound (D:5)
  3 gnoll boudas
  13 orc priests
  Terence (D:3)
  An iguana (D:6)
  20 orc wizards
  A lightning spire (Gauntlet)
  10 small abominations
  10 adders
  20 gnolls
  2 white imps
  7 ufetubi
  A worm (D:5)
  7 dart slugs
  79 orcs
  7 ball pythons
  5 endoplasms
  4 giant cockroaches
  5 hobgoblins
  4 jackals (D:1)
  17 kobolds
  4 quokkas
  6 bats
  6 frilled lizards
  7 goblins
  4 rats
  2 lurking horrors
  5 starspawn tentacles (Abyss:4)
1506 creatures vanquished.

Vanquished Creatures (collateral kills)
  A profane servitor (Abyss:4)
  A tentacled starspawn (Abyss:4)
  A kraken (Shoals:4)
  An emperor scorpion (Spider:4)
  A merfolk impaler (Shoals:4)
  2 ragged hierophants (Desolation)
  4 servants of whispers (Desolation)
  A merfolk avatar (Shoals:4)
  A catoblepas (Shoals:2)
  A thrashing horror (Abyss:4)
  A sun moth (Spider:4)
  A manticore (Shoals:3)
  An elephant (Lair:3)
  A smoke demon (Abyss:4)
  An unseen horror (shapeshifter) (Abyss:4)
  3 merfolk
  A hornet (Spider:4)
  2 raiju (Gauntlet)
  6 saltlings (Desolation)
  A snapping turtle (Shoals:3)
  A water elemental (Shoals:4)
  A neqoxec (Abyss:4)
  2 starspawn tentacles (Abyss:4)
  3 tentacles (Shoals:4)
39 creatures vanquished.

Vanquished Creatures (others)
  A thrashing horror (Abyss:4)
  A deep elf zephyrmancer (Elf:1)
  A small abomination (Abyss:4)
  A wight (Abyss:4)
  14 fungi
  2 lurking horrors
  39 plants
  13 starspawn tentacles
  A tentacle (Shoals:4)
  A withered plant (D:13)
74 creatures vanquished.

Grand Total: 1619 creatures vanquished

Notes
Turn   | Place    | Note
-------+----------+-------------------------------------------
     0 | D:1      | zenocrate the Formicid Hunter began the quest for the Orb.
     0 | D:1      | Reached XP level 1. HP: 16/16 MP: 1/1
    29 | D:1      | Found Uriqepro's Weapon Boutique.
    49 | D:1      | Found a faded altar of an unknown god.
    78 | D:1      | Reached XP level 2. HP: 22/22 MP: 2/2
   266 | D:1      | Reached XP level 3. HP: 27/27 MP: 3/3
   526 | D:2      | Reached skill level 5 in Ranged Weapons
   552 | D:2      | Reached XP level 4. HP: 33/33 MP: 4/4
   719 | D:2      | Found Poarr's Armour Shoppe.
   933 | D:2      | Reached XP level 5. HP: 38/38 MP: 5/5
   934 | D:2      | Reached skill level 6 in Ranged Weapons
  1128 | D:2      | Identified a scroll of acquirement
  1128 | D:2      | Acquired the +1 pair of boots of Focus {Will+ Dex+3}
  1869 | D:3      | Noticed Terence
  1874 | D:3      | Killed Terence
  2326 | D:4      | Found a bloodstained altar of Trog.
  2465 | D:4      | Reached XP level 6. HP: 44/44 MP: 6/6
  2470 | D:4      | Reached skill level 7 in Ranged Weapons
  2551 | D:4      | Reached XP level 7. HP: 40/50 MP: 5/7
  2685 | D:4      | Reached skill level 8 in Ranged Weapons
  2913 | D:4      | Found a sacrificial altar of Ru.
  2915 | D:4      | Found an ornate altar of the Wu Jian Council.
  2917 | D:4      | Found a hazy altar of Hepliaklqana.
  2954 | D:5      | Entered Level 5 of the Dungeon
  3127 | D:5      | Reached skill level 9 in Ranged Weapons
  3284 | D:5      | Reached XP level 8. HP: 56/56 MP: 8/8
  3486 | D:5      | Found a staircase to the Ecumenical Temple.
  3586 | Temple   | Entered the Ecumenical Temple
  3670 | Temple   | Became a worshipper of Makhleb the Destroyer
  3752 | D:2      | Bought a +2 cloak of poison resistance for 240 gold pieces
  4170 | D:6      | Found a snail-covered altar of Cheibriados.
  4185 | D:6      | Reached skill level 10 in Ranged Weapons
  4242 | D:6      | Gained mutation: You are clumsy. (Dex -2) [potion of
                  | mutation]
  4242 | D:6      | Gained mutation: Your muscles are strong. (Str +4, Int/Dex
                  | -1) [potion of mutation]
  4242 | D:6      | Gained mutation: You are vulnerable to cold. (rC-) [potion
                  | of mutation]
  4242 | D:6      | Gained mutation: Your mind is acute. (Int +4, Str/Dex -1)
                  | [potion of mutation]
  4243 | D:6      | Lost mutation: Your mind is acute. (Int +4, Str/Dex -1)
                  | [potion of mutation]
  4243 | D:6      | Lost mutation: You are vulnerable to cold. (rC-) [potion of
                  | mutation]
  4243 | D:6      | Lost mutation: You are clumsy. (Dex -2) [potion of
                  | mutation]
  4243 | D:6      | Gained mutation: You are dopey. (Int -2) [potion of
                  | mutation]
  4243 | D:6      | Gained mutation: You have hidden genetic potential. [potion
                  | of mutation]
  4414 | D:6      | Reached skill level 11 in Ranged Weapons
  4787 | D:6      | Reached XP level 9. HP: 49/61 MP: 7/9
  5054 | D:6      | Learned a level 6 spell: Dispersal
  5158 | D:7      | Found a broken altar of Ashenzari.
  5254 | D:7      | Reached * piety under Makhleb
  5421 | D:7      | Identified the +0 pair of gloves "Mareynara" {rElec Int-5
                  | Dex+6 Stlth+}
  5457 | D:7      | Found a sparkling altar of Nemelex Xobeh.
  5482 | D:7      | Reached skill level 12 in Ranged Weapons
  5509 | D:7      | Gained mutation: You have an increased reservoir of magic.
                  | (+10% MP) [hidden potential]
  5978 | D:8      | Noticed Maurice
  5994 | D:8      | Killed Maurice
  5995 | D:8      | Reached skill level 13 in Ranged Weapons
  6120 | D:8      | Reached XP level 10. HP: 66/66 MP: 11/11
  6286 | D:8      | Reached skill level 14 in Ranged Weapons
  6295 | D:8      | Gained mutation: You have great hidden genetic potential.
                  | [hidden potential]
  6295 | D:8      | Lost mutation: You have great hidden genetic potential.
                  | [hidden potential expressed]
  6345 | D:8      | Found a blossoming altar of Fedhas.
  6443 | D:8      | Noticed Psyche
  6448 | D:8      | Killed Psyche
  6960 | D:8      | Reached ** piety under Makhleb
  6970 | D:8      | Reached skill level 15 in Ranged Weapons
  7584 | D:9      | Noticed a two-headed ogre
  7589 | D:9      | Killed a two-headed ogre
  7590 | D:9      | Reached skill level 16 in Ranged Weapons
  7590 | D:9      | Reached XP level 11. HP: 72/72 MP: 12/12
  7750 | D:9      | Noticed a two-headed ogre
  7756 | D:9      | Killed a two-headed ogre
  7757 | D:9      | Reached skill level 1 in Armour
  7757 | D:9      | Reached skill level 1 in Spellcasting
  7757 | D:9      | Reached skill level 1 in Invocations
  7782 | D:9      | Gained mutation: You have great hidden genetic potential.
                  | [hidden potential]
  8072 | D:9      | Noticed a two-headed ogre
  8084 | D:9      | Killed a two-headed ogre
  8084 | D:9      | Reached *** piety under Makhleb
  8216 | D:2      | Bought a +2 buckler of cold resistance for 279 gold pieces
  8522 | D:9      | Noticed an eight-headed hydra
  8524 | D:9      | Noticed a two-headed ogre
  8528 | D:9      | Noticed a two-headed ogre
  8948 | D:10     | Entered Level 10 of the Dungeon
  9082 | D:10     | Noticed an elephant
  9100 | D:10     | Killed an elephant
  9380 | D:10     | Found a staircase to the Lair.
  9722 | Lair:1   | Entered Level 1 of the Lair of Beasts
  9870 | Lair:1   | Reached XP level 12. HP: 83/84 MP: 16/18
 10032 | Lair:1   | Noticed Gastronok
 10072 | Lair:1   | Killed Gastronok
 10073 | Lair:1   | Reached skill level 5 in Fighting
 10073 | Lair:1   | Reached skill level 5 in Invocations
 10087 | Lair:1   | Gained mutation: You have very sharp teeth. [hidden
                  | potential]
 10087 | Lair:1   | Lost mutation: You have great hidden genetic potential.
                  | [hidden potential expressed]
 10339 | Lair:1   | You are sucked into a shaft and drop 1 floor!
 10352 | Lair:2   | Reached **** piety under Makhleb
 10491 | Lair:1   | Identified the +1 pair of gloves of Disguise {Will- Regen+
                  | Str+3}
 10671 | Lair:2   | Reached skill level 5 in Armour
 10710 | Lair:2   | Found a staircase to the Shoals.
 10729 | Lair:2   | Reached skill level 17 in Ranged Weapons
 10942 | Lair:2   | Found a hole to the Spider Nest.
 10942 | Lair:2   | Noticed an orb spider
 10949 | Lair:2   | Killed an orb spider
 11097 | Lair:2   | Reached skill level 1 in Translocations
 11197 | Lair:2   | Reached skill level 5 in Dodging
 11363 | Lair:3   | Found a gate leading to a gauntlet.
 11380 | Gauntlet | Entered a Gauntlet
 11380 | Gauntlet | Found a transporter.
 11380 | Gauntlet | Found a transporter.
 11381 | Gauntlet | Found a transporter.
 11384 | Gauntlet | Found a transporter.
 11384 | Gauntlet | Found a transporter.
 11386 | Gauntlet | Found a transporter.
 11394 | Gauntlet | Found a transporter.
 11394 | Gauntlet | Noticed a thrashing horror
 11398 | Gauntlet | Found a transporter.
 11400 | Gauntlet | Found a transporter.
 11400 | Gauntlet | Found a transporter.
 11408 | Gauntlet | Found a transporter.
 11419 | Gauntlet | Found a transporter.
 11440 | Gauntlet | Noticed a thrashing horror
 11447 | Gauntlet | Noticed a thrashing horror
 11509 | Gauntlet | Noticed a thrashing horror
 11606 | Gauntlet | Noticed an orb spider
 11619 | Gauntlet | Noticed an orb spider
 11970 | Gauntlet | Killed a thrashing horror
 11971 | Gauntlet | Reached XP level 13. HP: 61/94 MP: 11/19
 12101 | Gauntlet | Identified the ring "Sullemean" {Str-2 Int+6 Dex+5}
 12225 | Gauntlet | Identified the +4 rapier "Tiah" {flame, Int+3 Dex+2}
 12228 | Gauntlet | Identified the -1 hat "Yhuig" {-Tele rPois Int+3}
 12240 | Gauntlet | Identified the +6 sling of Amortisation {drain, *Corrode
                  | rElec rF+++ Dex+3}
 12240 | Gauntlet | Noticed a minotaur
 12255 | Gauntlet | Killed a minotaur
 12467 | Gauntlet | Got the Volume of Nonlocality
 12469 | Gauntlet | Identified the +4 ring mail of Caes {Harm rF- rN+ SInv}
 12541 | Lair:3   | Gained mutation: You passively dampen the noise of your
                  | surroundings. [hidden potential]
 12746 | Lair:3   | Noticed a catoblepas
 12786 | Lair:3   | Killed a catoblepas
 13037 | Lair:3   | Noticed a five-headed hydra
 13044 | Lair:3   | Killed a five-headed hydra
 13202 | Lair:3   | Noticed Nessos
 13216 | Lair:3   | Killed Nessos
 13771 | Lair:4   | Noticed an eight-headed hydra
 13779 | Lair:4   | Killed an eight-headed hydra
 13780 | Lair:4   | Reached XP level 14. HP: 105/105 MP: 22/22
 13943 | Lair:4   | Gained mutation: You are partially covered in large bone
                  | plates. (SH +4) [hidden potential]
 13943 | Lair:4   | Lost mutation: You have hidden genetic potential. [hidden
                  | potential expressed]
 14365 | Lair:5   | Entered Level 5 of the Lair of Beasts
 14705 | Lair:5   | Reached ***** piety under Makhleb
 14924 | Lair:5   | Found a large runed translucent door.
 14927 | Lair:5   | Found a large runed translucent door.
 14993 | Lair:5   | Found a transporter.
 14999 | Lair:5   | Noticed STHMFLV's ghost (journeyman DsEE)
 15058 | Lair:5   | Found a transporter.
 15235 | Lair:5   | Reached skill level 10 in Fighting
 15257 | Lair:5   | Found a viscous altar of Jiyva.
 15257 | Lair:5   | Found a staircase to the Slime Pits.
 15478 | Lair:5   | Reached skill level 18 in Ranged Weapons
 15600 | Lair:5   | Reached XP level 15. HP: 117/117 MP: 24/24
 17030 | D:11     | Noticed Nergalle
 17049 | D:11     | Killed Nergalle
 17050 | D:11     | Reached skill level 10 in Invocations
 17576 | D:12     | Found a staircase to the Orcish Mines.
 18127 | D:12     | Reached ****** piety under Makhleb
 18248 | D:12     | Reached skill level 10 in Armour
 18342 | Orc:1    | Entered Level 1 of the Orcish Mines
 18706 | Orc:2    | Entered Level 2 of the Orcish Mines
 18720 | Orc:2    | Found a staircase to the Elven Halls.
 18970 | Orc:2    | Found Pave's Jewellery Shop.
 18977 | Orc:2    | Found a dark tunnel.
 19171 | Orc:2    | Found Yghowkijo's Weapon Shop.
 19171 | Orc:2    | Found Miquesuo's Weapon Shoppe.
 19178 | Orc:2    | Found Ifiuss's Weapon Shoppe.
 19178 | Orc:2    | Found Wor Vorph's Magic Scroll Shop.
 19188 | Orc:2    | Bought a scroll of enchant weapon for 105 gold pieces
 19260 | Elf:1    | Entered Level 1 of the Elven Halls
 19426 | Shoals:1 | Entered Level 1 of the Shoals
 19720 | Shoals:1 | You fall into a shaft and drop 1 floor!
 19720 | Shoals:2 | Noticed Polyphemus
 19730 | Shoals:2 | Noticed Frances
 19747 | Shoals:2 | You fall into a shaft and drop 1 floor!
 19747 | Shoals:3 | Found Gaelaeh's Magic Scroll Boutique.
 19761 | Shoals:3 | HP: 1/119 [alligator snapping turtle (33)]
 20056 | Shoals:3 | Bought a scroll of enchant armour for 135 gold pieces
 20056 | Shoals:3 | Bought a scroll of enchant weapon for 135 gold pieces
 20056 | Shoals:3 | Bought a scroll of brand weapon for 171 gold pieces
 20059 | Shoals:3 | Found Nirgh's Assorted Antiques.
 20069 | Shoals:3 | Bought a triangular bronze amulet for 180 gold pieces
 20069 | Shoals:3 | Bought a glowing leather armour for 180 gold pieces
 20069 | Shoals:3 | Bought a potion of mutation for 288 gold pieces
 20069 | Shoals:3 | Bought a potion of might for 144 gold pieces
 20105 | Shoals:3 | Reached XP level 16. HP: 126/126 MP: 26/26
 20331 | Shoals:2 | Killed Frances
 20379 | Shoals:2 | Killed Polyphemus
 20655 | Shoals:1 | Noticed Aizul
 20660 | Shoals:1 | Killed Aizul
 20869 | Shoals:2 | Noticed Ilsuiw
 20873 | Shoals:2 | Killed Ilsuiw
 21576 | Shoals:3 | Found Mopedghalyl's Armour Shop.
 21734 | Shoals:3 | Learned a level 4 spell: Passage of Golubria
 21861 | Spider:1 | Entered Level 1 of the Spider Nest
 21907 | Spider:1 | Reached skill level 1 in Shields
 22001 | Spider:1 | Reached XP level 17. HP: 135/135 MP: 28/28
 23009 | Elf:1    | Reached skill level 19 in Ranged Weapons
 23284 | Elf:1    | Reached skill level 10 in Dodging
 23374 | Elf:1    | Reached skill level 5 in Shields
 23984 | Elf:1    | Found Neisiuk's Distillery.
 24021 | Elf:1    | Bought a potion of heal wounds for 65 gold pieces
 24021 | Elf:1    | Bought a potion of heal wounds for 65 gold pieces
 24194 | Elf:1    | Acquired the ring "Roatomos" {*Slow rF++ AC+4 Str-5 Int+2}
 24564 | Shoals:4 | Entered Level 4 of the Shoals
 24595 | Shoals:4 | Found Woytoewi's Specific Store.
 24597 | Shoals:4 | Found Hahusum's General Store.
 24604 | Shoals:4 | Bought a potion of curing for 51 gold pieces
 24608 | Shoals:4 | Bought a potion of curing for 54 gold pieces
 24652 | Shoals:3 | Found Goyck's Distillery.
 24737 | Shoals:3 | Bought a potion of heal wounds for 65 gold pieces
 24737 | Shoals:3 | Bought a potion of flight for 39 gold pieces
 24737 | Shoals:3 | Bought a potion of curing for 39 gold pieces
 24926 | Shoals:4 | Noticed a kraken
 24928 | Shoals:4 | Reached XP level 18. HP: 128/143 MP: 30/30
 24944 | Shoals:4 | Killed a kraken
 25372 | Shoals:4 | Got a barnacled rune of Zot
 25581 | Shoals:4 | Identified the +1 robe of the Cooper {rPois rC+}
 25989 | Elf:2    | Noticed Jorgrun
 26082 | Elf:1    | Killed Jorgrun
 26161 | Elf:2    | Found Coishug's Jewellery Shoppe.
 26179 | Elf:2    | Found Sib Baxo's Weapon Emporium.
 26205 | Elf:2    | Found Quimp's Weapon Emporium.
 26250 | Elf:2    | Identified the +2 falchion of Untimely Demise {pain, Dex+3}
 26339 | Elf:2    | Found a runed translucent door.
 26367 | Elf:2    | Found a runed translucent door.
 26368 | Elf:2    | Acquired 461 gold pieces
 26412 | Elf:2    | Found Leres's Jewellery Shoppe.
 26520 | Elf:2    | Found Fitefok's Jewellery Shoppe.
 27497 | Spider:2 | Reached XP level 19. HP: 153/153 MP: 32/32
 27682 | Spider:2 | Found a transporter.
 27682 | Spider:2 | Noticed crusatyr's ghost (adept MiBe)
 27785 | Spider:2 | Reached skill level 10 in Shields
 27982 | Spider:2 | Found a transporter.
 28082 | Spider:3 | Reached skill level 15 in Fighting
 28116 | Spider:3 | Noticed Nikola
 28128 | Spider:3 | Killed Nikola
 28158 | Spider:3 | Identified the +7 glaive of Valiance {flame, rC+}
 28413 | Spider:4 | Entered Level 4 of the Spider Nest
 28526 | Spider:4 | Reached skill level 1 in Evocations
 28882 | Spider:4 | Reached skill level 15 in Armour
 29325 | Spider:4 | Reached skill level 20 in Ranged Weapons
 29728 | Spider:4 | Reached XP level 20. HP: 38/163 MP: 34/34
 29824 | Spider:4 | Identified the +0 hat of Ymor {rC++}
 29832 | Spider:4 | Got a gossamer rune of Zot
 30012 | Lair:1   | Learned a level 2 spell: Wereblood
 31215 | D:14     | Reached skill level 15 in Invocations
 31466 | D:14     | Found a gate to the Vaults.
 31739 | D:14     | Found a stormy altar of Qazlal.
 31843 | D:15     | Entered Level 15 of the Dungeon
 32639 | D:15     | Found a staircase to the Depths.
 33177 | Vaults:1 | Entered Level 1 of the Vaults
 33206 | Vaults:1 | Found a crumbling gateway.
 33232 | Desolati | Entered the Desolation of Salt
 33450 | Desolati | Identified the ring "Doekloll" {rC+ rCorr MP+9 Str+3 Int-4}
 33482 | Desolati | Identified the amulet "Zuzaabeng" {Spirit Str+5}
 33605 | Desolati | Identified the +0 robe of True Grit {Contam Dex+3 Stlth+}
 33637 | Desolati | Got the Handbook of the Oath
 33695 | Desolati | Found the amulet of the Air {Inacc Air Fly rElec RMsl}
 33707 | Desolati | Identified the amulet "Leatookh" {Faith rF++ MP+9 Dex-2
                  | Slay+3}
 33721 | Desolati | Identified the +10 plate armour "Pote" {*Corrode rN+ Str+3}
 33725 | Desolati | Got Xuofol's Codex of Obsession
 33811 | Desolati | Found the +3 robe of Clouds {*Thunder rCloud rElec}
 33897 | Desolati | Got the Parchment of Doomed Hypothermia
 34010 | Desolati | Reached skill level 5 in Evocations
 34015 | Desolati | Reached XP level 21. HP: 169/170 MP: 36/36
 34092 | Desolati | Identified the +7 broad axe of the Magi {spect, *Noise
                  | Will+ Dex+3 SInv}
 36578 | Elf:3    | Entered Level 3 of the Elven Halls
 36816 | Abyss:2  | Cast into level 2 of the Abyss (a deep elf sorcerer)
 37426 | Abyss:4  | Reached XP level 22. HP: 180/180 MP: 37/37
 37440 | Abyss:4  | Reached skill level 21 in Ranged Weapons
 37522 | Abyss:4  | Gained mutation: [Your body often deteriorates upon taking
                  | damage.] [a neqoxec]
 38124 | Abyss:4  | Noticed a profane servitor
 38147 | Abyss:4  | Killed a profane servitor
 38400 | Abyss:4  | Noticed a bone dragon
 38416 | Abyss:4  | Killed a bone dragon
 38556 | Abyss:4  | HP: 4/139 [hellephant (10)]
 38582 | Abyss:4  | Slain by a hellephant

Illustrated notes

Levels and vault maps discovered:
D:1:      dpeg_arrival_leaves_temple_mockup, layout_rooms, serial_shops, shop,
          ebering_ecumenical_altar_ruins
D:2:      minmay_door_path, layout_loops_cross, serial_shops, shop
D:3:      layout_basic, serial_curves, eino_curves_02, eino_curves_01,
          uniq_terence
D:4:      layout_rooms, amcnicky_altar_gilded, grunt_temple_overflow_open
D:5:      layout_cave_pools, minmay_temple_entry_metal_lava
D:6:      layout_basic, mainiacjoe_overflow_cross_hatched
D:7:      layout_basic, mainiacjoe_overflow_boulevard, evilmike_ruin_ashenzari
D:8:      kennysheep_seaside_town, layout_loops_corners,
          mainiacjoe_overflow_tiny_flanked, uniq_psyche, uniq_maurice
D:9:      layout_cave_pods, onia_ninara_dug_in_and_dangerous
D:10:     layout_basic, david_lair_generic
D:11:     layout_loops_corners, uniq_nergalle
D:12:     layout_grid_maze, orc_0_dummy
D:13:     layout_loops_corners, argonaut_gorgonesque
D:14:     layout_basic, skrybe_vaults_entry_preservation,
          nicolae_qazlal_style_of_elements
D:15:     grunt_enter_depths_hoard, layout_layer_cave, serial_bayou,
          serial_bayou_pond_e, serial_bayou_lagoon_b, serial_bayou_ford_a,
          serial_bayou_lake_a, serial_bayou_crossing,
          nicolae_figureground_sparkle
Temple:   dpeg_chambers_temple
Lair:1:   layout_misc_corridors, uniq_gastronok
Lair:2:   layout_chaotic_city, minmay_shoals_entry_hut,
          nicolae_spider_entry_orb_guardian, infiniplex_staircase_pool_2
Lair:3:   layout_concentric_octagons, gauntlet_entry_generic, uniq_nessos
Lair:4:   layout_regular_city, beast_lair_carwin_6
Lair:5:   cheibrodos_lair_end_hotspot, layout_cellular_growth,
          minmay_slime_entry_oklob_open, gammafunk_ghost_arena,
          lemuel_old_faithful
Shoals:1: layout_shoals, uniq_aizul
Shoals:2: cheibrodos_shoals_oceanic_diplomacy, layout_shoals, uniq_ilsuiw,
          uniq_polyphemus, uniq_frances
Shoals:3: layout_shoals, serial_shops, nicolae_stop_n_shop_2,
          nicolae_shop_crystal, shop, nicolae_lakefront_shop, yaktaur_hedge
Shoals:4: shoals_end_hangedman, layout_shoals, nicolae_specific_store,
          nicolae_shoals_circle_sea_wall
Spider:1: layout_chambers
Spider:2: layout_spider_delve, gammafunk_ghost_arena,
          nicolae_spider_some_kinda_spiderbox
Spider:3: layout_spider_delve, uniq_nikola
Spider:4: spider_rune_water
Orc:1:    layout_caves, basic_altar, lemuel_statue_altar
Orc:2:    grunt_orc_tribal_feast, layout_caves, enter_volcano_2, basic_altar,
          serial_shops, shop
Elf:1:    eino_elf_arrival_shootout, layout_geoelf_grid, serial_shops,
          nicolae_shop_competitors_out_of_business,
          kennysheep_underground_church, amethyst_killhole, grunt_megastairs_4
Elf:2:    elven_hall_of_blades_hangedman_original
          [nicolae_blade_entry_splitting_headache], layout_geoelf_grid,
          serial_shops, shop, nicolae_shop_bloodbath_and_beyond, shop, shop,
          serial_sigils_hangedman_stare, minmay_shop_enchanted_jewellery,
          st_stairs_11, uniq_jorgrun
Elf:3:    elf_hall, layout_geoelf_castle, minmay_checkered_concentric_circles
Vaults:1: portal_desolation_entry_salt, vaults_room_fancy_cross,
          ontoclasm_vaults_shuriken, nicolae_vaults_disjoint_gnomons,
          nicolae_vaults_windows_and_doors_thing, vaults_room_octagon,
          nicolae_vaults_big_angled_halls, vaults_mumra_chevron_long, v_misc_24,
          v_alt_pattern_4, v_alt_pattern_5, vaults_dpeg_ring,
          vaults_standard_mumra_enter_the_diamond, vaults_dpeg_emergency_exit,
          vaults_room_stairs_pillars, layout_vaults_maze
Abyss:4:  base: Lair:5, hangedman_cross_veins, hangedman_abyss_or_decor_stabs,
          minivault_25_ag, hangedman_relentless_pull, hangedman_decor_points,
          evilmike_abyss_exit_glass, nicolae_abyss_rune_left_handed,
          nicolae_abyss_rune_left_handed, bh_abyss_exit_choice

Skill      XL: |  1  2  3  4  5  6  7  8  9 10 11 12 13 14 15 16 17 18 19 20 21 22 |
---------------+-------------------------------------------------------------------+-----
Ranged Weapons | 5 6 7 9 11 13 16 17 18 19 20 21 | 21.3
Armour         | 3 5 7 9 11 13 14 15 16 17 | 17.0
Dodging        | 3 5 6 7 8 9 10 11 12 13 14 | 14.2
Spellcasting   | 3 |  3.1
Invocations    | 4 6 8 9 11 12 13 14 15 16 17 | 17.0
Fighting       | 4 6 8 10 11 12 13 14 15 16 17 | 17.2
Translocations | 1 4 |  4.3
Shields        | 1 7 9 11 12 13 14 | 14.5
Stealth        | 2 3 |  3.6
Evocations     | 3 5 6 |  6.2

Action                     |  1- 3 |  4- 6 |  7- 9 | 10-12 | 13-15 | 16-18 | 19-21 | 22-24 || total
---------------------------+-------+-------+-------+-------+-------+-------+-------+-------++-------
   Fire: Shortbow          |    54 |   133 |   243 |   636 |   203 |       |       |       ||  1269
         Longbow           |       |       |       |       |   781 |  1073 |  1756 |   661 ||  4271
 Invoke: Lesser Servant of |       |       |       |     2 |     3 |       |       |       ||     5
         Major Destruction |       |       |       |       |     1 |       |       |       ||     1
         Greater Servant o |       |       |       |       |     1 |     4 |     6 |     5 ||    16
Ability: Dig               |       |     1 |       |       |     2 |     1 |       |     1 ||     5
         Shaft Self        |       |       |       |       |     1 |       |       |       ||     1
  Evoke: Wand              |       |       |       |       |    10 |       |       |       ||    10
    Use: Scroll            |     3 |     7 |     8 |     6 |    10 |     3 |     6 |       ||    43
         Potion            |       |     2 |     3 |     7 |     4 |     2 |     4 |     4 ||    26
 Armour: Leather armour    |     8 |    27 |    57 |    17 |     1 |    51 |   159 |       ||   320
         Skin              |       |     3 |       |    49 |       |       |    94 |       ||   146
         Robe              |       |       |       |    42 |    78 |       |       |       ||   120
         Troll leather arm |       |       |       |       |       |       |    25 |   109 ||   134
  Dodge: Dodged            |    16 |    60 |    77 |   162 |   251 |   268 |   562 |   341 ||  1737
  Block: Buckler           |       |       |       |    71 |   140 |   214 |   564 |       ||   989
         Kite shield       |       |       |       |       |       |       |   128 |   488 ||   616
         Reflection        |       |       |       |       |       |       |     4 |     9 ||    13

Table legend: (Time is in decaauts)
 A = Elapsed time spent in this place.
 B = Non-inter-level travel time spent in this place.
 C = Inter-level travel time spent in this place.
 D = Time resting spent in this place.
 E = Time spent auto-exploring this place.
 F = Levels seen in this place.
 G = Mean time per level.
                   A        B        C        D        E       F      G
               +--------+--------+--------+--------+--------+-----+--------+
         Total |  37897 |  33606 |   4291 |    423 |  25325 |  40 |  947.4 |
       Dungeon |  15675 |  13196 |   2479 |    100 |  10908 |  15 | 1045.0 |
        Temple |    286 |    241 |     45 |      0 |    224 |   1 |  286.0 |
          Lair |   6058 |   5527 |    531 |     46 |   4167 |   5 | 1211.6 |
        Shoals |   3660 |   3268 |    392 |      0 |   2509 |   4 |  915.0 |
   Spider Nest |   3473 |   3264 |    209 |     10 |   2404 |   4 |  868.2 |
  Orcish Mines |   1104 |    849 |    255 |      0 |    630 |   2 |  552.0 |
   Elven Halls |   2789 |   2538 |    251 |     70 |   1874 |   3 |  929.7 |
        Vaults |   1214 |   1089 |    125 |      0 |    770 |   1 | 1214.0 |
         Abyss |   1577 |   1577 |      0 |      0 |    652 |   3 |  525.7 |
    Desolation |    949 |    949 |      0 |      0 |    506 |   1 |  949.0 |
      Gauntlet |   1107 |   1107 |      0 |    197 |    680 |   1 | 1107.0 |
               +--------+--------+--------+--------+--------+-----+--------+

Top non-repeatable levels by time:
  Lair:5: 1987 daAuts
   Elf:1: 1592 daAuts
     D:8: 1567 daAuts
Spider:4: 1409 daAuts
    D:15: 1292 daAuts
    D:11: 1232 daAuts
    D:10: 1220 daAuts
Vaults:1: 1214 daAuts
  Lair:1: 1199 daAuts
    D:13: 1198 daAuts
     D:3: 1164 daAuts
Gauntlet: 1107 daAuts
 Abyss:4: 1056 daAuts
     D:7: 1049 daAuts
     D:6: 1049 daAuts
